 Dungeon Crawl Stone Soup version 0.31-a0-217-g58bb5d79cf (webtiles) character file.

Game seed: 5416298508448899115

836 qw the Chopper (level 7, -2/44 HPs)
             Began as a Gargoyle Fighter on July 2, 2023.
             Shot with an arrow by a centaur (12 damage)
             ... on level 5 of the Dungeon.
             The game lasted 00:01:45 (3458 turns).

qw the Chopper (Gargoyle Fighter)                   Turns: 3458, Time: 00:01:46

Health: -2/44      AC: 17    Str: 27    XL:     7   Next: 99%
Magic:  7/7        EV:  9    Int:  9    God:
Gold:   157        SH:  4    Dex:  9    Spells: 6/6 levels left

rFire   . . .        Y - +0 war axe
rCold   . . .        c - +0 buckler
rNeg    + . .        k - +0 chain mail
rPois   inf          a - +0 helmet
rElec   +            o - +0 cloak
rCorr   .            (no gloves)
SInv    +            h - +0 pair of boots
Will    .....        (no amulet) Stlth
                     f - ring of see invisible
HPRegen 0.27/turn    b - +6 ring of strength
MPRegen 0.10/turn

%: no passive effects
@: no status effects
A: sickness immunity, AC +4, negative energy resistance 1, electricity
resistance, torment resistance 1, petrification resistance
a: no special abilities


You were on level 5 of the Dungeon.
You visited 1 branch of the dungeon, and saw 5 of its levels.

You collected 157 gold pieces.


Innate Abilities, Weirdness & Mutations

You are immune to sickness and miasma.
Your stone body is resilient. (AC +4)
You are immune to poison.
You resist negative energy. (rN+)
You are resistant to electric shocks. (rElec)
You are resistant to unholy torment.
You are immune to petrification.


   Skills:
 + Level 4.7 Fighting
 - Level 7.2 Axes
 - Level 3.2 Armour
 - Level 1.7 Dodging
 - Level 3.2 Shields


You had 6 spell levels left.
You didn't know any spells.
Your spell library was empty.

Inventory:

Hand Weapons
 m - a +0 flail
 Y - a +0 war axe (weapon)
Missiles
 n - a boomerang (quivered)
Armour
 a - a +0 helmet (worn)
 c - a +0 buckler (worn)
 h - a +0 pair of boots (worn)
 k - a +0 chain mail (worn)
 o - a +0 cloak (worn)
Jewellery
 b - a +6 ring of strength (right hand)
 f - a ring of see invisible (left hand)
Potions
 d - a potion of might
 e - a potion of ambrosia {unknown}
 g - a potion of enlightenment
 i - 3 potions of curing
 j - a potion of heal wounds {unknown}
 l - a potion of lignification

Dungeon Overview and Level Annotations

Branches:
Dungeon (5/15)
 Temple: D:4-7

Altars:
Fedhas
Kikubaaqudgha
Nemelex Xobeh
Yredelemnul

Annotations:
D:3 2 runed translucent doors, Crazy Yiuf; qw's ghost, weakling DEHu


Message History

The centaur hits the bush but does no damage.
The centaur kicks the bush but does no damage.
You hit the bush but do no damage.
The bush is moderately damaged.
You hit the bush. You hit the bush but do no damage.
The centaur wields a +0 shortbow.
The centaur shoots an arrow.
The arrow hits you but does no damage.
You hit the bush but do no damage.
The bush is moderately damaged.
You hit the bush but do no damage. x2
The centaur shoots an arrow.
The arrow hits you.
The centaur shoots an arrow.
The arrow hits you but does no damage.
You hit the bush but do no damage.
The bush is moderately damaged.
You hit the bush. You hit the bush but do no damage.
The centaur unwields a +0 shortbow.
The centaur hits the bush but does no damage.
The centaur kicks the bush but does no damage.
You hit the bush but do no damage.
The bush is moderately damaged.
You hit the bush but do no damage. x2
The centaur hits the bush but does no damage.
The centaur kicks the bush.
The centaur wields a +0 shortbow.
The centaur shoots an arrow.
You block the arrow.
You slash the bush!
The bush is moderately damaged.
You hit the bush but do no damage. x2
The centaur shoots an arrow.
The arrow hits you but does no damage.
The centaur shoots an arrow.
The arrow hits you.
You hit the bush but do no damage.
The bush is moderately damaged.
You hit the bush but do no damage. You hit the bush.
You hear the slow rusting of a very distant drain.
The centaur shoots an arrow.
The arrow hits you but does no damage.
The centaur shoots an arrow.
The arrow hits you!
You slash the bush!
The bush is heavily damaged.
You hit the bush but do no damage. You hit the bush.
The centaur shoots an arrow.
The arrow hits you!
You die... .. ... . ..# . ..# P. ..# #P.P .. #. #PPcPP.##

#.#.PPPP..#
##....PP@).#
.........).#####
.![..#.##......
.... #.<....###
#.. ######.# ##
.# #


You could see a centaur.

Vanquished Creatures
  Sigmund (D:2)
  A black bear (D:5)
  An ogre (D:4)
  A phantom (D:4)
  2 scorpions
  2 hounds (D:4)
  A jelly (D:4)
  An orc wizard (D:5)
  A sleepcap (D:5)
  Robin (D:3)
  4 adders
  2 dart slugs
  8 orcs
  4 endoplasms
  3 giant cockroaches
  18 goblins
  13 hobgoblins
  6 jackals
  11 kobolds
  4 quokkas
  5 ball pythons
  4 bats
  7 frilled lizards
  3 rats
104 creatures vanquished.

Notes
Turn   | Place    | Note
-------+----------+-------------------------------------------
     0 | D:1      | qw the Gargoyle Fighter began the quest for the Orb.
     0 | D:1      | Reached XP level 1. HP: 14/14 MP: 1/1
     0 | D:1      | 0 ||| qw: Version: 0.3-a-40-ge99b1a8
     0 | D:1      | 0 ||| qw: Game counter: 8002
     0 | D:1      | 0 ||| qw: Melee chars always use a shield: true
     0 | D:1      | 0 ||| qw: God list: Okawaru
     0 | D:1      | 0 ||| qw: Allow faded altars: false
     0 | D:1      | 0 ||| qw: Do Orc after clearing Dungeon:15 true
     0 | D:1      | 0 ||| qw: Do second Lair branch before Depths: true
     0 | D:1      | 0 ||| qw: Lair rune preference: random
     0 | D:1      | 0 ||| qw: Goals: Normal, Zot:1-4, Slime:5, God:TSO, Crypt,
                  | Tomb, Abyss, Pan, Hells, Win
     0 | D:1      | 0 ||| PLANNING D:1-11
    35 | D:1      | Reached skill level 2 in Axes
    59 | D:1      | 59 ||| Stepping ~*~*~tactically~*~*~ (stealth).
    67 | D:1      | 67 ||| Stepping ~*~*~tactically~*~*~ (stealth).
   106 | D:1      | 106 ||| Stepping ~*~*~tactically~*~*~ (hiding).
   115 | D:1      | Reached XP level 2. HP: 19/19 MP: 2/2
   192 | D:1      | 192 ||| Stepping ~*~*~tactically~*~*~ (stealth).
   194 | D:1      | 194 ||| Stepping ~*~*~tactically~*~*~ (stealth).
   196 | D:1      | 196 ||| Stepping ~*~*~tactically~*~*~ (stealth).
   197 | D:1      | 197 ||| Stepping ~*~*~tactically~*~*~ (stealth).
   198 | D:1      | 198 ||| Stepping ~*~*~tactically~*~*~ (stealth).
   200 | D:1      | 200 ||| Stepping ~*~*~tactically~*~*~ (stealth).
   201 | D:1      | 201 ||| Stepping ~*~*~tactically~*~*~ (stealth).
   206 | D:1      | 206 ||| Stepping ~*~*~tactically~*~*~ (stealth).
   250 | D:1      | 250 ||| Stepping ~*~*~tactically~*~*~ (stealth).
   272 | D:1      | Reached skill level 3 in Axes
   411 | D:1      | Reached XP level 3. HP: 23/23 MP: 3/3
   531 | D:1      | 531 ||| Stepping ~*~*~tactically~*~*~ (stealth).
   693 | D:1      | 693 ||| UPGRADING to +0 pair of boots.
   698 | D:1      | 698 ||| UPGRADING to ring of see invisible.
   699 | D:1      | 699 ||| READING scroll labelled POLECL XOAGYO.
   700 | D:1      | 700 ||| DRINKING 3 fuming green potions.
   776 | D:2      | 776 ||| Stepping ~*~*~tactically~*~*~ (stealth).
   892 | D:2      | 892 ||| Stepping ~*~*~tactically~*~*~ (stealth).
   903 | D:2      | 903 ||| Stepping ~*~*~tactically~*~*~ (stealth).
  1200 | D:2      | Noticed Sigmund
  1211 | D:2      | Killed Sigmund
  1212 | D:2      | Reached skill level 5 in Axes
  1212 | D:2      | Reached XP level 4. HP: 14/28 MP: 4/4
  1212 | D:2      | Reached XP level 5. HP: 17/32 MP: 5/5
  1453 | D:2      | Reached XP level 6. HP: 30/37 MP: 6/6
  1623 | D:2      | 1623 ||| Stepping ~*~*~tactically~*~*~ (stealth).
  1645 | D:2      | 1645 ||| READING 2 scrolls labelled SYLE ZOCROS.
  1646 | D:2      | 1646 ||| READING scroll labelled DOLLUUN VATH.
  1647 | D:2      | 1647 ||| DROPPING scroll of blinking.
  1741 | D:3      | Noticed qw's ghost (weakling DEHu)
  1745 | D:3      | Found a runed translucent door.
  1746 | D:3      | 1746 ||| UPGRADING to +0 helmet.
  1756 | D:3      | Noticed Robin
  1769 | D:3      | Killed Robin
  1802 | D:3      | 1802 ||| UPGRADING to +0 chain mail.
  1812 | D:3      | 1812 ||| DROPPING +0 scale mail.
  1815 | D:3      | 1815 ||| DROPPING +0 whip.
  1834 | D:3      | 1834 ||| Stepping ~*~*~tactically~*~*~ (stealth).
  1944 | D:3      | Found a runed translucent door.
  1945 | D:3      | Noticed Crazy Yiuf
  2107 | D:3      | Found a sparkling altar of Nemelex Xobeh.
  2205 | D:3      | Identified the +10 quarterstaff of Kysut {drain, +Blink rC+
                  | Int+3}
  2322 | D:3      | 2322 ||| Stepping ~*~*~tactically~*~*~ (hiding).
  2447 | D:3      | 2447 ||| Stepping ~*~*~tactically~*~*~ (stealth).
  2448 | D:3      | 2448 ||| Stepping ~*~*~tactically~*~*~ (stealth).
  2451 | D:3      | 2451 ||| Stepping ~*~*~tactically~*~*~ (stealth).
  2452 | D:3      | 2452 ||| Stepping ~*~*~tactically~*~*~ (stealth).
  2539 | D:3      | 2539 ||| DRINKING 2 metallic coppery potions.
  2647 | D:4      | Found an ancient bone altar of Kikubaaqudgha.
  2653 | D:4      | 2653 ||| DRINKING 2 bubbling yellow potions.
  2654 | D:4      | 2654 ||| DROPPING potion of brilliance.
  2668 | D:4      | Reached skill level 6 in Axes
  2752 | D:4      | 2752 ||| DROPPING +0 mace.
  2773 | D:4      | 2773 ||| READING scroll labelled ACLOEQ DYATERATEPI.
  2773 | D:4      | Identified a scroll of acquirement
  2773 | D:4      | 2773 ||| ACQUIRING +6 ring of strength
  2773 | D:4      | Acquired a +6 ring of strength
  2784 | D:4      | Reached skill level 1 in Dodging
  2784 | D:4      | Reached XP level 7. HP: 36/43 MP: 7/7
  2810 | D:4      | 2810 ||| UPGRADING to +6 ring of strength.
  3064 | D:4      | Found a basalt altar of Yredelemnul.
  3208 | D:4      | 3208 ||| UPGRADING to +0 cloak.
  3390 | D:4      | 3390 ||| DRINKING 2 fizzy inky potions.
  3415 | D:5      | Entered Level 5 of the Dungeon
  3416 | D:5      | 3416 ||| PLANNING SEWER
  3418 | D:5      | 3418 ||| Stepping ~*~*~tactically~*~*~ (hiding).
  3424 | D:5      | Found a blossoming altar of Fedhas.
  3436 | D:5      | Reached skill level 7 in Axes
  3457 | D:5      | HP: 10/44 [centaur/arrow (8)]
  3458 | D:5      | Shot with an arrow by a centaur

Levels and vault maps discovered:
D:1:      dpeg_arrival_line_fractal, layout_rooms, dk_noncrumbling_2,
          lexackson_kobold_supper
D:2:      layout_basic, kennysheep_small_spiral, uniq_sigmund
D:3:      layout_basic, mainiacjoe_overflow_tiny_flanked,
          hellmonk_ghost_happy_afterlife, serial_bayou_pond_a, uniq_robin,
          uniq_crazy_yiuf_cottage
D:4:      layout_loops_ring, mainiacjoe_overflow_24_doors,
          amcnicky_altar_gilded, serial_glass, glass_columns_a, glass_columns_b,
          glass_columns_a, glass_columns_b, glass_columns_b, glass_columns_a
D:5:      layout_loops_ring, fedhas_bush_and_centaur_altar,
          portal_sewer_entry_e, uniq_ijyb

Skill      XL: |  1  2  3  4  5  6  7 |
---------------+----------------------+-----
Axes           | 2 3 5 6 7 |  7.2
Fighting       | 4 |  4.7
Dodging        | 1 |  1.7
Armour         | |  3.2
Shields        | |  3.2

Action                     |  1- 3 |  4- 6 |  7- 9 || total
---------------------------+-------+-------+-------++-------
  Melee: War axe           |   121 |    87 |    86 ||   294
  Throw: Boomerang         |       |     3 |    23 ||    26
    Use: Scroll            |     1 |     3 |       ||     4
         Potion            |     1 |     2 |     1 ||     4
 Armour: Scale mail        |    51 |    27 |       ||    78
         Chain mail        |       |    20 |    56 ||    76
  Dodge: Dodged            |    48 |    38 |    32 ||   118
  Block: Buckler           |    27 |    13 |    15 ||    55

Table legend:
 A = Non-vault XP
 B = Vault XP
 C = Vault XP percentage of total XP
 D = Non-vault monster count
 E = Vault monster count
 F = Vault count percentage of total count
                 A         B        C        D         E       F
            +---------+---------+-------+---------+---------+-------
      Total |     906 |     289 |  24.2 |      82 |      22 |  21.2
            +---------+---------+-------+---------+---------+-------
        D:1 |      31 |      11 |  26.2 |      21 |       8 |  27.6
        D:2 |      40 |     239 |  85.7 |      16 |       1 |   5.9
        D:3 |      25 |      39 |  60.9 |      14 |      13 |  48.1
        D:4 |     508 |       0 |   0.0 |      24 |       0 |   0.0
        D:5 |     302 |       0 |   0.0 |       7 |       0 |   0.0
            +---------+---------+-------+---------+---------+-------
